 Dungeon Crawl Stone Soup version 0.26-a0-712-ga5a9c9c9d0 (webtiles) character file.

Game seed: 6146662881530979890

(classic levelgen) 655 EnegeticOcto the Chopper (level 7, -7/64 HPs)
             Began as a Deep Dwarf Fighter on Nov 4, 2020.
             Mangled by an ogre
             ... wielding a +0 giant spiked club
              (15 damage)
             ... on level 5 of the Dungeon.
             The game lasted 00:00:54 (1144 turns).

EnegeticOcto the Chopper (Deep Dwarf Fighter)       Turns: 1144, Time: 00:00:54

Health: -7/64      AC:  9    Str: 21    XL:     7   Next: 29%
Magic:  5/5        EV:  5    Int:  9    God:
Gold:   82         SH: 10    Dex: 12    Spells: 6/6 levels left

rFire    . . .     SeeInvis .   a - +0 war axe
rCold    . . .     Faith    .   c - +0 kite shield
rNeg     . . .     Spirit   .   h - +0 chain mail
rPois    .         Reflect  .   (no helmet)
rElec    .         Harm     .   (no cloak)
rCorr    .         Rampage  .   (no gloves)
MR       +....                  (no boots)
Stlth    ..........             (no amulet)
HPRegen  0.00/turn              (no ring)
MPRegen  0.09/turn              (no ring)

@: non-regenerating
A: damage resistance, heal wounds, sense surroundings 1, no regeneration
a: Heal Wounds


You were on level 5 of the Dungeon.
You visited 2 branches of the dungeon, and saw 6 of its levels.

You collected 82 gold pieces.

Inventory:

Hand Weapons
 a - a +0 war axe (weapon)
Armour
 b - a +0 scale mail
 c - a +0 kite shield (worn)
 h - a +0 chain mail (worn)
Wands
 j - a wand of iceblast (3) {@v2}
Scrolls
 e - a scroll of enchant weapon {unknown}
 f - 4 scrolls of immolation {unknown}
 g - 2 scrolls of identify {unknown}
 k - 2 scrolls of magic mapping {unknown}
 n - a scroll of random uselessness {unknown}
Potions
 d - a potion of might {@q3}
 i - a potion of stabbing {unknown}
 l - a potion of resistance {unknown}
 m - a potion of ambrosia {unknown}
 o - a potion of brilliance {unknown}


   Skills:
 + Level 4.1 Fighting
 * Level 5.9 Axes
 + Level 5.1 Armour
 + Level 5.1 Shields


You had 6 spell levels left.
You didn't know any spells.
Your spell library was empty.

Dungeon Overview and Level Annotations

Branches:
Dungeon (5/15)             Temple (1/1) D:4

Altars:
Ashenzari
Cheibriados
Elyvilon
Fedhas
Gozag
Kikubaaqudgha
Nemelex Xobeh
Qazlal
Sif Muna
Trog
Uskayaw
Vehumet
Wu Jian
Yredelemnul
Zin
The Shining One


Innate Abilities, Weirdness & Mutations

You are resistant to damage.
You can heal yourself by infusing magical energy.
You passively map a small area around you.
You do not regenerate.


Message History

You are too injured to fight recklessly!
You are too injured to fight recklessly!
You are too injured to fight recklessly!
You are too injured to fight recklessly!
You feel much better.
You hit the ogre but do no damage.
The ogre is heavily wounded.
The ogre hits you with a +0 giant spiked club.
You hit the ogre.
The ogre is severely wounded.
You block the ogre's attack.
You hit the ogre but do no damage.
The ogre is severely wounded.
The ogre hits you with a +0 giant spiked club!
You hit the ogre.
The ogre is severely wounded.
The ogre hits you with a +0 giant spiked club!
You are too injured to fight recklessly!
You are too injured to fight recklessly!
You are too injured to fight recklessly!
You are too injured to fight recklessly!
You are too injured to fight recklessly!
You are too injured to fight recklessly!
You are too injured to fight recklessly!
You feel much better.
The ogre hits you with a +0 giant spiked club!!
* * * LOW HITPOINT WARNING * * *
You are too injured to fight recklessly!
You feel much better.
You hit the ogre but do no damage.
The ogre is severely wounded.
You block the ogre's attack.
You hit the ogre.
The ogre is severely wounded.
You block the ogre's attack.
You hit the ogre but do no damage.
The ogre is severely wounded.
You block the ogre's attack.
You feel much better.
The ogre hits you with a +0 giant spiked club!
You hit the ogre.
The ogre is almost dead.
You block the ogre's attack.
You hit the ogre.
The ogre is almost dead.
The ogre hits you with a +0 giant spiked club!!
You hit the ogre but do no damage.
The ogre is almost dead.
The ogre hits you with a +0 giant spiked club!
You are too injured to fight recklessly!
You are too injured to fight recklessly!
You are too injured to fight recklessly!
You are too injured to fight recklessly!
You are too injured to fight recklessly!
You are too injured to fight recklessly!
You are too injured to fight recklessly!
You are too injured to fight recklessly!
You are too injured to fight recklessly!
You are too injured to fight recklessly!
You are too injured to fight recklessly!
You are too injured to fight recklessly!
You are too injured to fight recklessly!
You are too injured to fight recklessly!
You are too injured to fight recklessly!
You feel much better.
You barely miss the ogre.
The ogre is almost dead.
The ogre hits you with a +0 giant spiked club!!
You barely miss the ogre.
The ogre is almost dead.
The ogre hits you with a +0 giant spiked club!!
* * * LOW HITPOINT WARNING * * *
You are too injured to fight recklessly!
You are too injured to fight recklessly!
You are too injured to fight recklessly!
You are too injured to fight recklessly!
You are too injured to fight recklessly!
You are too injured to fight recklessly!
You are too injured to fight recklessly!
You are too injured to fight recklessly!
You are too injured to fight recklessly!
You are too injured to fight recklessly!
You are too injured to fight recklessly!
You are too injured to fight recklessly!
You are too injured to fight recklessly!
You are too injured to fight recklessly!
You are too injured to fight recklessly!
You are too injured to fight recklessly!
Your magical essence is drained by the effort!
You feel much better. The ogre barely misses you. You block the ogre's attack.
The ogre hits you with a +0 giant spiked club.
The ogre hits you with a +0 giant spiked club!
* * * LOW HITPOINT WARNING * * *
The ogre hits you with a +0 giant spiked club.
* * * LOW HITPOINT WARNING * * *
You block the ogre's attack. You block the ogre's attack.
The ogre hits you with a +0 giant spiked club!!
You die...

#.#.##_##
,
#.###...##
#.# ⌠...⌠
#.# ...*
#.##*#.#
,**
#..#♣#.#*,
* ##....l♣
, ###♣#O#*
* , #@#*
#...# ,
#⌠...⌠#
##...##
##_## ,
### , , *
* *


You could see an ogre and a leopard gecko.

Vanquished Creatures
  Grinder (D:5)
  A centaur (D:5)
  A bullfrog (D:5)
  A scorpion (D:5)
  A howler monkey (D:4)
  2 hounds
  A centaur skeleton (D:4)
  2 orc wizards
  A worker ant (D:4)
  3 adders
  2 leopard geckos
  9 orcs
  2 giant cockroaches (D:4)
  5 jackals
  A ball python (D:5)
  4 bats
  A frilled lizard (D:1)
  A goblin (D:2)
  A jackal zombie (D:5)
  A kobold (D:1)
  3 rats
44 creatures vanquished.

Notes
Turn   | Place    | Note
-------+----------+-------------------------------------------
     0 | D:1      | EnegeticOcto the Deep Dwarf Fighter began the quest for the
                  | Orb.
     0 | D:1      | Reached XP level 1. HP: 20/20 MP: 1/1
    78 | D:2      | Reached XP level 2. HP: 25/27 MP: 2/2
   191 | D:4      | Reached XP level 3. HP: 29/34 MP: 3/3
   372 | D:4      | Reached XP level 4. HP: 20/42 MP: 4/4
   381 | D:4      | Reached XP level 5. HP: 49/49 MP: 4/4
   444 | D:4      | Found a staircase to the Ecumenical Temple.
   564 | Temple   | Entered the Ecumenical Temple
   949 | D:5      | Entered Level 5 of the Dungeon
   960 | D:5      | Noticed Grinder
   970 | D:5      | Reached XP level 6. HP: 48/57 MP: 5/5
   972 | D:5      | Reached skill level 5 in Axes
   987 | D:5      | Killed Grinder
   987 | D:5      | Reached XP level 7. HP: 59/64 MP: 6/6
  1013 | D:5      | Reached skill level 5 in Shields
  1032 | D:5      | Found an ornate altar of the Wu Jian Council.
  1033 | D:5      | Found an ancient bone altar of Kikubaaqudgha.
  1034 | D:5      | Found a snail-covered altar of Cheibriados.
  1035 | D:5      | Found a bloodstained altar of Trog.
  1035 | D:5      | Found a shimmering blue altar of Sif Muna.
  1046 | D:5      | Reached skill level 5 in Armour
  1108 | D:5      | Found a hide-covered altar of Uskayaw.
  1108 | D:5      | Found an opulent altar of Gozag.
  1144 | D:5      | Mangled by an ogre

Illustrated notes

Levels and vault maps discovered:
D:1:      saegor_arrival_under_anarchy, layout_rooms
D:2:      layout_rooms
D:3:      layout_loops_ring, nicolae_dithmenos_through_a_glass_darkly
D:4:      layout_loops_cross, minmay_temple_entry_overgrown, grunt_ministairs_2
D:5:      layout_loops_ring, lemuel_doored_altar, grunt_temple_overflow_open,
          bloody_makhleb, amethyst_overflow_temple_binary, uniq_grinder
Temple:   nicolae_temple_figure_zero

Skill      XL: |  1  2  3  4  5  6  7 |
---------------+----------------------+-----
Fighting       | 3 4 |  4.1
Axes           | 3 4 5 |  5.9
Armour         | 4 5 |  5.1
Shields        | 4 5 |  5.1

Action                   |  1- 3 |  4- 6 |  7- 9 || total
-------------------------+-------+-------+-------++-------
Melee: War axe           |    69 |    75 |    49 ||   193
 Abil: Heal Wounds       |       |     2 |     6 ||     8
Armor: Scale mail        |     8 |       |       ||     8
       Chain mail        |    31 |    49 |    22 ||   102
Dodge: Dodged            |    20 |    25 |    13 ||    58
Block: Kite shield       |    39 |    61 |    33 ||   133

Table legend: (Time is in decaauts)
 A = Elapsed time spent in this place.
 B = Non-inter-level travel time spent in this place.
 C = Inter-level travel time spent in this place.
 D = Time resting spent in this place.
 E = Time spent auto-exploring this place.
 F = Levels seen in this place.
 G = Mean time per level.
                   A        B        C        D        E       F      G
               +--------+--------+--------+--------+--------+-----+--------+
         Total |   1212 |   1126 |     86 |      0 |    739 |   6 |  202.0 |
       Dungeon |   1094 |   1018 |     76 |      0 |    632 |   5 |  218.8 |
        Temple |    117 |    108 |      9 |      0 |    107 |   1 |  117.0 |
               +--------+--------+--------+--------+--------+-----+--------+

Top non-repeatable levels by time:
     D:4: 686 daAuts
     D:5: 218 daAuts
  Temple: 117 daAuts
     D:3: 88 daAuts
     D:1: 70 daAuts
     D:2: 30 daAuts
